 Dungeon Crawl Stone Soup version 0.25.1-4-g9407a263a5 (webtiles) character file.

Game seed: 9303515918921840670

15 Clowwww the Skirmisher (level 2, -1/24 HPs)
             Began as a Demonspawn Berserker on Nov 29, 2020.
             Was a Follower of Trog.
             Splashed by a jelly's acid (5 damage)
             ... on level 2 of the Dungeon.
             The game lasted 00:02:34 (1225 turns).

Clowwww the Skirmisher (Demonspawn Berserker)       Turns: 1225, Time: 00:02:35

Health: -1/24      AC: -5    Str: 17    XL:     2   Next: 34%
Magic:  2/2        EV:  9    Int:  8    God:    Trog [*.....]
Gold:   96         SH:  7    Dex: 12    Spells: 1/1 levels left

rFire    . . .     SeeInvis .   a - +0 hand axe
rCold    . . .     Gourm    .   l - +0 kite shield
rNeg     . . .     Faith    .   b - +0 animal skin
rPois    .         Spirit   .   (no helmet)
rElec    .         Reflect  .   (no cloak)
rCorr    .         Harm     .   (no gloves)
MR       .....                  (no boots)
Stlth    +.........             (no amulet)
HPRegen  0.08/turn              (no ring)
MPRegen  0.08/turn              (no ring)

@: corroded
A: powered by pain 1
a: Berserk, Renounce Religion


You were on level 2 of the Dungeon.
You worshipped Trog.
Trog was aware of your devotion.
You were not hungry.

You visited 1 branch of the dungeon, and saw 2 of its levels.

You collected 96 gold pieces.

Inventory:

Hand Weapons
 a - a +0 hand axe (weapon)
Missiles
 e - 8 poisoned darts (quivered)
Armour
 b - a +0 animal skin (worn)
 l - a +0 kite shield (worn)
Jewellery
 j - a +6 ring of intelligence {unknown}
Scrolls
 f - a scroll of noise {unknown}
 i - 3 scrolls of identify {unknown}
Potions
 d - 3 potions of curing {unknown}
 g - a potion of resistance {unknown}
 h - a potion of brilliance {unknown}
 k - a potion of might {unknown}
 m - a potion of haste {unknown}
Comestibles
 c - 3 rations
 n - 3 chunks of flesh


   Skills:
 + Level 3.3 Fighting
 + Level 2.8 Axes
 + Level 2.0 Armour
 + Level 2.0 Dodging
 + Level 0.2 Stealth


You had one spell level left.
You didn't know any spells.
Your spell library was empty.

Dungeon Overview and Level Annotations

Branches:
Dungeon (2/15)

Altars:


Innate Abilities, Weirdness & Mutations

You sometimes gain a little power by taking damage.


Message History

You throw a poisoned dart.
The poisoned dart barely misses the jelly.
Throwing (i - inventory)
e - 9 poisoned darts (quivered)
Press: ? - help, Shift-Dir - straight line, f/p - jelly
Aim: a jelly (lightly wounded, poisoned)
You throw a poisoned dart. The poisoned dart hits the jelly.
The jelly looks even sicker.
The jelly is lightly wounded.
You hit the jelly. The acid corrodes you!
Your hands burn!
The jelly is heavily wounded.
The jelly hits you. The acid corrodes you!
You are splashed with acid!
You hit the jelly but do no damage.
Your hands burn!
The jelly is severely wounded.
You block the jelly's attack.
Your shield prevents you from hitting the jelly.
The jelly is severely wounded.
You block the jelly's attack. The jelly hits you.
You are splashed with acid.
* * * LOW HITPOINT WARNING * * *
You hit the jelly but do no damage.
Your hands burn!
You die...

.#######...##.#.....#
............#.#.##############
#########...#.................
##..###.............#.
#..###############.#. ##..#
#.#. #..# #.#. ##.## #.#. #.@#
#.#. ##J# #.#. (.# #.#. ...#
#. .(... #. ..##.. #. .(. ##..
#. ..( .. #. #.


You could see a jelly (poisoned).

Vanquished Creatures
  A ball python (D:2)
  A giant cockroach (D:1)
  3 goblins
  4 jackals (D:1)
  A bat (D:1)
  3 rats
13 creatures vanquished.

Notes
Turn   | Place    | Note
-------+----------+-------------------------------------------
     0 | D:1      | Clowwww the Demonspawn Berserker began the quest for the
                  | Orb.
     0 | D:1      | Reached XP level 1. HP: 18/18 MP: 1/1
   240 | D:1      | Gained mutation: You sometimes gain a little power by
                  | taking damage. [demonic ancestry]
   240 | D:1      | Reached XP level 2. HP: 3/24 MP: 2/2
  1225 | D:2      | Splashed by a jelly's acid

Illustrated notes

Levels and vault maps discovered:
D:1:      dpeg_arrival_chambers_temple_mockup, layout_rooms, serial_forest,
          infiniplex_forest_straight_3, infiniplex_forest_clump_curved,
          infiniplex_forest_lined_room_2, infiniplex_forest_clump_long,
          infiniplex_forest_join, infiniplex_forest_lined_corner,
          infiniplex_forest_corner_1, hangedman_glass_teeth
D:2:      layout_basic, kennysheep_slug_shrine,
          chequers_ecumenical_altar_simple, first_ration

Skill      XL: |  1  2 |
---------------+-------+-----
Dodging        | 2 |  2.0
Armour         | 2 |  2.0
Fighting       | |  3.3
Axes           | |  2.8
Stealth        | |  0.2

Action                   || total
-------------------------++-------
Melee: Hand axe          ||    47
Throw: Dart              ||     5
  Eat: Chunk             ||     1
Armor: Animal skin       ||    13
Dodge: Dodged            ||    44
Block: Kite shield       ||     3
